 Dungeon Crawl Stone Soup version 0.30-a0-576-g89cddaab80 (webtiles) character file.

Game seed: 10102951099198223745

275 jfcaron the Scratcher (level 6, -6/27 HPs)
             Began as a Felid Transmuter on Dec 30, 2022.
             Mangled by an iguana (12 damage)
             ... on level 5 of the Dungeon.
             The game lasted 00:11:12 (3588 turns).

jfcaron the Scratcher (Felid Transmuter)            Turns: 3588, Time: 00:11:13

Health: -6/27      AC:  2    Str:  6    XL:     6   Next: 3%
Magic:  19/19      EV: 19    Int: 16    God:
Gold:   282        SH:  0    Dex: 17    Spells: 3/9 levels left
                                        Lives:  0   Deaths: 1

rFire   . . .      SeeInvis +      - Unarmed
rCold   . . .      Faith    .    (shield unavailable)
rNeg    . . .      Spirit   .    (body armour unavailable)
rPois   .          Reflect  .    (helmet unavailable)
rElec   .          Harm     .    (cloak unavailable)
rCorr   .          Rampage  .    (gloves unavailable)
Will    +....                    (boots unavailable)
Stlth   +++                      (no amulet)
HPRegen 0.24/turn                i - ring of magical power
MPRegen 0.16/turn                k - ring of willpower

@: appendages (expiring), quick
A: horns 2, very small, claws 1, fangs 3, see invisible, speed 1, shaggy fur 2,
stealthy paws, no weapons or thrown items, no armour, multi-lived
a: End Transformation


You were on level 5 of the Dungeon.
You had temporarily grown beastly horns.
You visited 1 branch of the dungeon, and saw 5 of its levels.

You collected 282 gold pieces.

Inventory:

Jewellery
 i - a ring of magical power (left paw)
 k - a ring of willpower (right paw)
   (You found it on level 2 of the Dungeon)
Wands
 q - a wand of roots (4)
Scrolls
 f - 2 scrolls of enchant armour
 h - 2 scrolls of blinking
 l - a scroll of fog
 n - 3 scrolls of teleportation
 r - a scroll of fear
Potions
 a - 2 potions of lignification
 b - 2 potions of mutation
 c - 2 potions of invisibility
 d - a potion of curing
 e - a potion of degeneration {unknown}
 j - a potion of resistance {unknown}
 m - 2 potions of might
 o - 2 potions of flight
 p - a potion of cancellation {unknown}


   Skills:
 + Level 2.8 Fighting
 + Level 4.4 Dodging
 + Level 3.5 Stealth
 * Level 4.8 Unarmed Combat
 - Level 2.0 Spellcasting
 + Level 3.6 Transmutations
 + Level 1.7 Poison Magic
 + Level 1.5 Evocations


You had 3 spell levels left.
You knew the following spells:

 Your Spells              Type           Power      Damage    Failure   Level
a - Beastly Appendage     Tmut           26%        N/A       4%          1
b - Wereblood             Tmut           13%        N/A       7%          2
c - Spider Form           Tmut/Pois      10%        N/A       21%         3

Your spell library contained the following spells:

 Spells                   Type           Power      Damage    Failure   Level
 Ice Form                 Ice/Tmut       7%         N/A       67%         4


Dungeon Overview and Level Annotations

Branches:
Dungeon (5/15)
 Temple: D:4-7

Altars:
Makhleb

Annotations:
D:3 3 runed translucent doors, Heh's ghost, amateur OpVM
D:4 exclusion: ogre


Innate Abilities, Weirdness & Mutations

You have temporarily grown beastly horns.
You have sharp claws.
You have razor-sharp teeth.
You have supernaturally acute eyesight. (SInv)
You cover ground quickly. (Speed+)
You are covered in thick fur. (AC +2)
Your paws help you pounce on unaware monsters.
You are incapable of wielding weapons or throwing items.
You cannot wear armour.
You gain extra lives every three experience levels.


Message History

You grow a pair of large bovine horns.
An iguana comes into view.
The iguana hisses angrily.
There is an open door here.
The quokka misses you.
You closely miss the quokka. The quokka misses you.
There is an open door here.
You claw the quokka!
You kill the quokka!
You closely miss the iguana. The iguana closely misses you.
You scratch the iguana but do no damage.
You completely miss the iguana. The iguana closely misses you.
You barely miss the iguana. Your headbutt misses the iguana.
The iguana bites you!
You scratch the iguana but do no damage.
The iguana misses you.
You scratch the iguana but do no damage.
You headbutt the iguana, but do no damage.
The iguana misses you.
You completely miss the iguana. The iguana completely misses you.
You scratch the iguana but do no damage.
Your headbutt misses the iguana. You bite the iguana.
The iguana is lightly wounded.
The iguana bites you!
* * * LOW HITPOINT WARNING * * *
You are too injured to fight recklessly!
Your transformation is almost over.
You scratch the iguana. You claw the iguana, but do no damage.
The iguana is heavily wounded.
The iguana barely misses you.
You scratch the iguana. You bite the iguana.
The iguana is severely wounded.
You scratch the iguana but do no damage.
Your headbutt misses the iguana. Your bite misses the iguana.
The iguana is severely wounded.
The iguana completely misses you.
You barely miss the iguana. You headbutt the iguana.
The iguana is almost dead.
The iguana bites you!
You die...

*,*...##.# *,,,,,,,,,
#.###.##.# **,,,,,,,*
#........# *#+##*****
#####.#### *#...##
#.## ##.....## #..##
##.......#*
##...####.........***
#....l.†'.........+,,
##..@####[......:.***
#....# ##.#####.#*
##.#..## ######***
#..#...## ##∩##
#.##....# ##._.#
#.##....###.†..#
#.####...##...## #.#
##..###.##
#.######..#..#***


You could see an iguana.

Vanquished Creatures
  A kobold brigand (D:4)
  A bullfrog (D:4)
  2 scorpions
  A hound (D:5)
  An iguana (D:4)
  7 gnolls
  5 adders
  An ufetubus (D:5)
  A dart slug (D:2)
  5 orcs
  4 ball pythons
  7 endoplasms
  A giant cockroach (D:4)
  4 goblins
  8 hobgoblins
  2 jackals (D:3)
  5 quokkas
  3 bats
  2 frilled lizards (D:2)
  12 kobolds
  5 rats
  27 plants (D:5)
105 creatures vanquished.

Notes
Turn   | Place    | Note
-------+----------+-------------------------------------------
     0 | D:1      | jfcaron the Felid Transmuter began the quest for the Orb.
     0 | D:1      | Reached XP level 1. HP: 9/9 MP: 4/4
   193 | D:1      | Reached XP level 2. HP: 12/12 MP: 4/6
   210 | D:1      | Learned a level 2 spell: Wereblood
   342 | D:1      | Reached skill level 1 in Stealth
   815 | D:2      | Reached XP level 3. HP: 15/15 MP: 5/7
   819 | D:2      | Learned a level 3 spell: Spider Form
  1013 | D:2      | Found a faded altar of an unknown god.
  1682 | D:3      | Reached XP level 4. HP: 19/19 MP: 8/8
  1697 | D:3      | HP: 2/19 [gnoll/+0 halberd (17)]
  1840 | D:3      | Found a runed translucent gate.
  1841 | D:3      | Found a runed translucent gate.
  1842 | D:3      | Found a runed translucent gate.
  1849 | D:3      | Noticed Heh's ghost (amateur OpVM)
  1901 | D:3      | Noticed a scorpion
  1919 | D:3      | Killed a scorpion
  1920 | D:3      | Reached XP level 5. HP: 22/22 MP: 9/9
  2420 | D:4      | Noticed an ogre
  2558 | D:4      | Reached skill level 1 in Poison Magic
  2719 | D:4      | Reached skill level 1 in Evocations
  2719 | D:4      | Gained mutation: You are covered in thick fur. (AC +2)
                  | [Felid growth]
  2719 | D:4      | Reached XP level 6. HP: 18/27 MP: 10/10
  2981 | D:4      | HP: 3/27 [asphyx]
  2986 | D:4      | HP: 5/27 [bullfrog (4)]
  3220 | D:4      | Identified the +7 plate armour of the Flute {Int+2}
  3360 | D:5      | Entered Level 5 of the Dungeon
  3481 | D:5      | Splashed by a jelly's acid
  3482 | D:5      | Reached XP level 5. HP: -4/23 MP: 17/18
  3506 | D:5      | Found a burning altar of Makhleb.
  3517 | D:5      | Reached XP level 6. HP: 24/27 MP: 10/10
  3582 | D:5      | HP: 5/27 [iguana (12)]
  3588 | D:5      | Mangled by an iguana

Illustrated notes

Levels and vault maps discovered:
D:1:      minmay_arrival_hallway, layout_rooms, minmay_cut_off
D:2:      layout_basic, basic_ecumenical_altar,
          hangedman_abyss_or_decor_lesser_grid, serial_park_tiny_2
D:3:      layout_basic, gammafunk_ghost_split, wad_floor_pattern_2
D:4:      layout_rooms, minmay_small_thing
D:5:      lemuel_castle_with_subvaults [lemuel_castle_interior_carwin_3],
          layout_loops_corners, makhleb_blood_cavern_becter,
          nicolae_grassy_gnolls

Skill      XL: |  1  2  3  4  5 |
---------------+----------------+-----
Stealth        | 1 2 3 |  3.5
Dodging        | 3 4 |  4.4
Fighting       | 2 |  2.8
Unarmed Combat | 4 |  4.8
Transmutations | 3 |  3.6
Poison Magic   | 1 |  1.7
Evocations     | 1 |  1.5
Spellcasting   | |  2.0

Action                   |  1- 3 |  4- 6 || total
-------------------------+-------+-------++-------
Melee: Unarmed           |    83 |   123 ||   206
       Bite              |     5 |    14 ||    19
       Headbutt          |    13 |    24 ||    37
       Punch             |     3 |     8 ||    11
 Cast: Beastly Appendage |    26 |    25 ||    51
       Wereblood         |     1 |     1 ||     2
       Spider Form       |       |     2 ||     2
 Abil: End Transformatio |       |     2 ||     2
Evoke: Wand              |       |     5 ||     5
  Use: Scroll            |       |    12 ||    12
       Potion            |       |     1 ||     1
 Stab: Sleeping          |     7 |     3 ||    10
Armor: Skin              |     3 |     4 ||     7
Dodge: Dodged            |    45 |    95 ||   140

Table legend: (Time is in decaauts)
 A = Elapsed time spent in this place.
 B = Non-inter-level travel time spent in this place.
 C = Inter-level travel time spent in this place.
 D = Time resting spent in this place.
 E = Time spent auto-exploring this place.
 F = Levels seen in this place.
 G = Mean time per level.
                   A        B        C        D        E       F      G
               +--------+--------+--------+--------+--------+-----+--------+
         Total |   3063 |   2825 |    238 |    350 |   1798 |   5 |  612.6 |
       Dungeon |   3063 |   2825 |    238 |    350 |   1798 |   5 |  612.6 |
               +--------+--------+--------+--------+--------+-----+--------+

Top non-repeatable levels by time:
     D:2: 850 daAuts
     D:4: 840 daAuts
     D:3: 748 daAuts
     D:1: 493 daAuts
     D:5: 131 daAuts

Table legend:
 A = Kills in this place as a percentage of kills in entire the game.
 B = Kills by you in this place as a percentage of kills by you in the entire game.
 C = Kills by friends in this place as a percentage of kills by friends in the entire game.
 D = Other kills in this place as a percentage of other kills in the entire game.
 E = Experience gained in this place as a percentage of experience gained in the entire game.
 F = Experience gained in this place divided by the number of levels of this place that you have seen.
                   A       B       C       D       E      F
               +-------+-------+-------+-------+-------+----------------------
         Total | 100.0 | 100.0 |   N/A |   N/A | 100.0 | 143.4
       Dungeon | 100.0 | 100.0 |   N/A |   N/A | 100.0 | 143.4
               +-------+-------+-------+-------+-------+----------------------
